 Dungeon Crawl Stone Soup version 0.18-a0-1078-gebb93d0 (webtiles) character file.

22 ater218 the Skirmisher (level 2, 0/24 HPs)
             Began as a Vampire Fighter on Jan 14, 2016.
             Slain by Sigmund
             ... wielding a +0 scythe
              (2 damage)
             ... on level 2 of the Dungeon.
             The game lasted 00:03:50 (479 turns).

ater218 the Skirmisher (Vampire Fighter)             Turns: 479, Time: 00:03:50

Health: 0/24       AC:  6    Str: 15    XL:     2   Next: 68%
Magic:  2/2        EV:  6    Int: 10    God:
Gold:   38         SH:  8    Dex: 13    Spells: 0 memorised, 1 level left

rFire  . . .     SeeInvis +     a - +0 long sword
rCold  . . .     Gourm    .     b - +0 scale mail
rNeg   + . .     Faith    .     c - +0 shield
rPois  +         Spirit   .     (no helmet)
rElec  .         Dismiss  .     (no cloak)
rCorr  .         Reflect  .     (no gloves)
SustAt .         Harm     .     (no boots)
MR     .....                    (no amulet)
Stlth  ..........               (no ring)
                                k - ring of poison resistance

@: not resistant to hostile enchantments, extremely unstealthy
A: fangs 3, see invisible, unbreathing
a: no special abilities


You were on level 2 of the Dungeon.
You were not thirsty.

You visited 1 branch of the dungeon, and saw 2 of its levels.

You collected 38 gold pieces.

Inventory:

Hand Weapons
 a - a +0 long sword (weapon)
Armour
 b - a +0 scale mail (worn)
 c - a +0 shield (worn)
Jewellery
 k - a ring of poison resistance (left hand)
Potions
 d - a potion of might
 e - 8 potions of blood
 f - a potion of mutation {unknown}
 h - a potion of invisibility {unknown}
 j - a potion of curing {unknown}


   Skills:
 + Level 3.0 Fighting
 * Level 2.2 Long Blades
 + Level 2.7 Armour
 * Level 0.4 Dodging
 + Level 2.8 Shields


You had one spell level left.
You didn't know any spells.

Dungeon Overview and Level Annotations

Branches:
Dungeon (2/15)

Altars:

Annotations:
D:2 Sigmund


Innate Abilities, Weirdness & Mutations

You have razor-sharp teeth.
You have supernaturally acute eyesight.
You can survive without breathing.


Message History

Sigmund flickers and vanishes for a moment.
The adder bites you but does no damage. The bat hits you but does no damage.
You block the bat's attack. The bat hits you but does no damage.
You miss the bat. The bat hits you but does no damage. x3
You block the bat's attack. The bat hits you but does no damage.
The adder bites you but does no damage. You block the bat's attack.
You barely miss the bat. You block the bat's attack. The adder bites you.
* * * LOW HITPOINT WARNING * * *
You block Sigmund's attack.
You hit the adder. Your bite misses the adder.
The adder is heavily wounded.
You block the bat's attack. x2
The bat hits you but does no damage. The adder bites you but does no damage.
The adder barely misses you.
You hit the adder but do no damage.
The adder is heavily wounded.
You block the bat's attack. The bat hits you but does no damage.
Sigmund hits you from afar with a scythe.
You die...

**,,**,***,#####...........#
**,,,**,*#...........###.....
*,,,,,*,*#.#.#*#.....#.......
**,,,,,#,*#.#.# #.....#†.####.
*,,,,,,#.##.#.######....## #..
*,*,,,.,.............%%.####..
**,*,,,...##................#..
*,,*,,,........b.#..##.####....
***,**,,,,##....@S.##.##.#.......
*,,,**,,,.#...####@##.##.#...*#..
*,*****,*#....####.#.........##..
,,***,,,,......†..@......###..###
,**,,,,,,...........###.## *#.# #
,,,,,,,,,...........#**.# ###.###
,,,**,,,,............##.###......
,****,,,,...................#.###
,* *,,,,.....#.$...##........###


You could see Sigmund (invisible), an adder and a bat.

Vanquished Creatures
  A bat (D:1)
  A giant cockroach (D:2)
  2 goblins
  3 hobgoblins
  3 jackals (D:1)
  A quokka (D:2)
  A ball python (D:2)
  2 giant newts
  4 kobolds
  2 rats (D:1)
20 creatures vanquished.

Notes
Turn   | Place    | Note
--------------------------------------------------------------
     0 | D:1      | ater218 the Vampire Fighter began the quest for the Orb.
     0 | D:1      | Reached XP level 1. HP: 17/17 MP: 1/1
   141 | D:1      | Reached XP level 2. HP: 17/23 MP: 2/2
   431 | D:2      | Reached skill level 3 in Fighting
   458 | D:2      | Noticed Sigmund
   479 | D:2      | Slain by Sigmund

Vault maps used:
D:1:      scummos_arrival_checkerplants
D:2:      grunt_ministairs_9, uniq_sigmund

Action                   || total
-------------------------++-------
Melee: Long sword        ||    67
  Use: Scroll            ||     4
